 Dungeon Sprint DCSS version 0.30-a0-948-g4fa250aae5 (webtiles) character file.

Game seed: 16242539871373245106

4812 fozzywoppz the Severer (level 10, -3/93 HPs)
             Began as a Minotaur Fighter on Mar 26, 2023.
             Was a Believer of Hepliaklqana.
             Slain by an eight-headed hydra (5 damage)
             ... in the Dungeon (Sprint IX: "|||||||||||||||||||||||||||||").
             The game lasted 00:07:10 (684 turns).

fozzywoppz the Severer (Minotaur Fighter)            Turns: 684, Time: 00:07:11

Health: -3/93      AC: 14    Str: 29    XL:     10   Next: 24%
Magic:  15/15      EV: 13    Int:  5    God:    Hepliaklqana [**....]
Gold:   0          SH:  6    Dex:  9    Spells: 9/9 levels left

rFire   . . .      SeeInvis .    n - +1 broad axe (heavy)
rCold   . . .      Faith    .    c - +0 buckler
rNeg    . . .      Spirit   .    s - +1 chain mail
rPois   .          Reflect  .    (helmet restricted)
rElec   .          Rampage  .    (no cloak)
rCorr   .          NoTele   +    p - +0 pair of gloves
Will    .....                    (no boots) Stlth
                                 (no amulet)
HPRegen 0.35/turn                q - +3 ring of strength
MPRegen 0.14/turn                r - +2 ring of evasion

@: on berserk cooldown, slowed, very slow
A: reduced essence, horns 2, retaliatory headbutt
a: Renounce Religion, Recall Ancestor, Ancestor Identity


You were in the Dungeon.
You worshipped Hepliaklqana.
Hepliaklqana was pleased with you.
You visited 1 branch

Inventory:

Hand Weapons
 b - the +2 dire flail of Devouring Quick Death {freeze, rCorr Dex+5}
   (You found it in the Dungeon)

   Dex:       It affects your dexterity (+5).
   rCorr:     It protects you from acid and corrosion.
 n - a +1 heavy broad axe (weapon)
 o - a +2 scimitar of flaming
Armour
 c - a +0 buckler (worn)
 p - a +0 pair of gloves (worn)
 s - a +1 chain mail (worn)
Magical Staves
 u - the staff of death "Ruod" {rN+ Dex+3}
   (You found it in the Dungeon)

   [staff of death]

   Base accuracy: +5 Base damage: 5 Base attack delay: 1.2 This weapon's minimum
   attack delay (0.6) is reached at skill level 12.
   Dex:       It affects your dexterity (+3).
   rN:        It protects you from negative energy.
   It falls into the 'Staves' category.
   It is a one-handed weapon.
Jewellery
 q - a +3 ring of strength (left hand)
 r - a +2 ring of evasion (right hand)
Wands
 m - a wand of roots (9)
Scrolls
 f - a scroll of identify
 g - 3 scrolls of fog
 j - 2 scrolls of blinking
 l - 2 scrolls of amnesia
 t - a scroll of fear
Potions
 a - 2 potions of heal wounds
 d - a potion of brilliance
 e - 4 potions of curing
 h - 4 potions of magic
 i - 2 potions of berserk rage
 k - a potion of invisibility
 v - a potion of lignification


   Skills:
 + Level 14.4 Fighting
 + Level 16.3 Axes
 - Level 10.0 Armour
 + Level 9.9 Dodging
 - Level 10.0 Shields
 + Level 9.0 Invocations


You had 9 spell levels left.
You didn't know any spells.
Your spell library was empty.

Dungeon Overview and Level Annotations

Branches:
Dungeon (1/1)

Altars:
Cheibriados
Dithmenos
Elyvilon
Fedhas
Gozag
Hepliaklqana
Kikubaaqudgha
Makhleb
Nemelex Xobeh
Okawaru
Qazlal
Ru
Sif Muna
Trog
Uskayaw
Vehumet
Wu Jian
Xom
Yredelemnul
Zin
The Shining One
Jiyva
Lugonu


Innate Abilities, Weirdness & Mutations

Your life essence is reduced to manifest your ancestor. (-10% HP)
You have a pair of horns on your head.
You reflexively headbutt those who attack you in melee.


Message History

The seven-headed hydra bites you.
* * * LOW HITPOINT WARNING * * *
The seven-headed hydra completely misses you.
The seven-headed hydra barely misses you.
The seven-headed hydra bites you but does no damage.
The seven-headed hydra misses you. The seven-headed hydra bites you!
* * * LOW HITPOINT WARNING * * *
Unknown command.
Unknown command.
You swap places.
The seven-headed hydra bites Jaydra but does no damage.
The seven-headed hydra bites Jaydra!
The seven-headed hydra bites Jaydra.
The seven-headed hydra bites Jaydra!
The seven-headed hydra bites Jaydra.
The seven-headed hydra bites Jaydra but does no damage.
The seven-headed hydra bites Jaydra.
Jaydra hits the seven-headed hydra with a +0 quarterstaff!!
You are too berserk!
You feel a strong urge to attack something.
You are no longer berserk.
You are exhausted.
You feel yourself slow down.
The seven-headed hydra bites Jaydra!
Jaydra is destroyed!
Unknown command.
You block the seven-headed hydra's attack.
The seven-headed hydra bites you but does no damage.
The seven-headed hydra closely misses you.
The seven-headed hydra misses you. x2; The seven-headed hydra bites you.
* * * LOW HITPOINT WARNING * * *
The seven-headed hydra bites you.
* * * LOW HITPOINT WARNING * * *
You hack one of the seven-headed hydra's heads off!
The six-headed hydra grows two more!
You slice the eight-headed hydra!!
The eight-headed hydra is almost dead.
The eight-headed hydra bites you.
* * * LOW HITPOINT WARNING * * *
You block the eight-headed hydra's attack.
The eight-headed hydra barely misses you.
You block the eight-headed hydra's attack.
The eight-headed hydra bites you.
You die...

▓.▓.▓_▓
▓.▓.▓_▓
▓S▓.▓_▓
▓l▓.▓_▓
▓S▓.▓_▓
▓S▓.▓_▓
▓F▓.▓_▓
▓D▓.▓_▓
▓@▓.▓_▓
▓.▓.▓_▓
▓.▓.▓_▓
▓.▓.▓_▓
▓.▓.▓_▓
▓.▓.▓_▓
▓.▓.▓_▓
▓.▓.▓_▓
▓†▓.▓_▓


You could see an eight-headed hydra, a komodo dragon, a cane toad and 3 water
moccasins.

Vanquished Creatures
  A lindwurm (D)
  An ugly thing (D)
  A manticore (D)
  A cyclops (D)
  A black mamba (D)
  A cane toad (D)
  A komodo dragon (D)
  3 trolls (D)
  2 slime creatures (D)
  A wyvern (D)
  A yak (D)
  3 water moccasins (D)
  2 centaurs (D)
  2 bullfrogs (D)
  A scorpion (D)
  A killer bee (D)
  A hound (D)
  An iguana (D)
  An adder (D)
  A dart slug (D)
  A bat (D)
  2 hobgoblins (D)
  A kobold (D)
  A rat (D)
32 creatures vanquished.

Vanquished Creatures (collateral kills)
  A cane toad (D)
  A bullfrog (D)
2 creatures vanquished.

Vanquished Creatures (others)
  A battlemage (D)
  An ancestor (D)
2 creatures vanquished.

Grand Total: 36 creatures vanquished

Notes
Turn   | Place    | Note
-------+----------+-------------------------------------------
     0 | D        | fozzywoppz the Minotaur Fighter began the quest for the
                  | Orb.
     0 | D        | Reached XP level 1. HP: 19/19 MP: 0/0
    10 | D        | Reached skill level 3 in Axes
    20 | D        | Noticed a hound
    20 | D        | Noticed a scorpion
    20 | D        | Noticed an iguana
    25 | D        | Reached XP level 2. HP: 28/28 MP: 1/1
    30 | D        | Reached skill level 5 in Fighting
    30 | D        | Reached skill level 4 in Axes
    30 | D        | Reached skill level 5 in Armour
    30 | D        | Reached skill level 5 in Shields
    30 | D        | Reached XP level 3. HP: 34/36 MP: 2/2
    36 | D        | Killed a scorpion
    37 | D        | Reached skill level 5 in Axes
    37 | D        | Reached XP level 4. HP: 22/45 MP: 3/3
    39 | D        | Reached skill level 6 in Axes
   121 | D        | Found a snail-covered altar of Cheibriados.
   121 | D        | Found a shadowy altar of Dithmenos.
   121 | D        | Found a white marble altar of Elyvilon.
   121 | D        | Found a blossoming altar of Fedhas.
   121 | D        | Found an opulent altar of Gozag.
   122 | D        | Found a hazy altar of Hepliaklqana.
   123 | D        | Found a viscous altar of Jiyva.
   124 | D        | Found an ancient bone altar of Kikubaaqudgha.
   125 | D        | Found a corrupted altar of Lugonu.
   126 | D        | Found a burning altar of Makhleb.
   127 | D        | Found a sparkling altar of Nemelex Xobeh.
   128 | D        | Found an iron altar of Okawaru.
   129 | D        | Found a stormy altar of Qazlal.
   130 | D        | Became a worshipper of Hepliaklqana the Forgotten
   131 | D        | Found a sacrificial altar of Ru.
   132 | D        | Found a shimmering blue altar of Sif Muna.
   133 | D        | Found a bloodstained altar of Trog.
   134 | D        | Found a hide-covered altar of Uskayaw.
   135 | D        | Found a radiant altar of Vehumet.
   136 | D        | Found an ornate altar of the Wu Jian Council.
   137 | D        | Found a shimmering altar of Xom.
   138 | D        | Found a basalt altar of Yredelemnul.
   139 | D        | Found a glowing silver altar of Zin.
   140 | D        | Found a glowing golden altar of the Shining One.
   191 | D        | Got the +2 dire flail of Devouring Quick Death {freeze,
                  | rCorr Dex+5}
   201 | D        | Noticed a troll
   201 | D        | Noticed a yak
   201 | D        | Noticed a troll
   201 | D        | Noticed a centaur
   201 | D        | Noticed a troll
   204 | D        | Reached XP level 5. HP: 29/52 MP: 4/4
   209 | D        | Killed a troll
   210 | D        | Reached skill level 8 in Axes
   210 | D        | Reached XP level 6. HP: 25/63 MP: 5/5
   210 | D        | Reached * piety under Hepliaklqana
   214 | D        | Reached skill level 9 in Axes
   219 | D        | Killed a troll
   220 | D        | Reached skill level 10 in Fighting
   220 | D        | Reached skill level 11 in Axes
   220 | D        | Reached skill level 10 in Armour
   220 | D        | Reached skill level 10 in Shields
   220 | D        | Reached XP level 7. HP: 51/64 MP: 6/6
   222 | D        | Killed a yak
   223 | D        | Reached skill level 12 in Axes
   224 | D        | Killed a troll
   225 | D        | Reached skill level 13 in Axes
   225 | D        | Reached XP level 8. HP: 46/71 MP: 7/7
   305 | D        | Noticed a slime creature
   305 | D        | Noticed a green ugly thing
   305 | D        | Noticed a slime creature
   305 | D        | Noticed a manticore
   305 | D        | Noticed a cyclops
   309 | D        | Killed a cyclops
   310 | D        | Reached skill level 15 in Axes
   321 | D        | Killed a manticore
   322 | D        | Reached skill level 16 in Axes
   323 | D        | Killed a slime creature
   326 | D        | Killed a green ugly thing
   327 | D        | Reached skill level 5 in Dodging
   327 | D        | Reached skill level 5 in Invocations
   327 | D        | Reached XP level 9. HP: 47/81 MP: 7/11
   395 | D        | Reached ** piety under Hepliaklqana
   437 | D        | Remembered your ancestor Jaydra as a battlemage
   480 | D        | Got the staff of death "Ruod" {rN+ Dex+3}
   490 | D        | Noticed a cane toad
   490 | D        | Noticed a cane toad
   490 | D        | Noticed a black mamba
   490 | D        | Noticed a komodo dragon
   492 | D        | Killed a komodo dragon
   496 | D        | Killed a black mamba
   501 | D        | Killed a cane toad
   504 | D        | Killed a cane toad
   508 | D        | Reached XP level 10. HP: 41/91 MP: 13/15
   668 | D        | Noticed a seven-headed hydra
   668 | D        | Noticed a cane toad
   668 | D        | Noticed a lindwurm
   674 | D        | Killed a lindwurm
   684 | D        | HP: 2/93 [eight-headed hydra (6)]
   684 | D        | Slain by an eight-headed hydra

Illustrated notes

Levels and vault maps discovered:
D:        linesprint [early_d, line_temple, items_1, d_10, items_2, lair_1,
          lair_end, items_3, orc_1, orc_end, items_4, d_15, swamp_1, shoals_1,
          snake_1, spider_1, d_20, vaults_1, items_5, swamp_end, shoals_end,
          snake_end, spider_end, vaults_end, d_27, items_6, zot_1, zot_end,
          crypt_end, forest_end, elf_end, slime_end, tomb_end, abyss_end,
          pan_hell_end]

Skill      XL: |  1  2  3  4  5  6  7  8  9 10 |
---------------+-------------------------------+-----
Fighting       | 4 5 6 7 9 10 11 13 14 | 14.4
Armour         | 4 5 6 7 9 10 | 10.0
Shields        | 4 5 6 7 9 10 | 10.0
Axes           | 3 4 5 6 8 11 13 16 | 16.3
Dodging        | 5 8 9 |  9.9
Invocations    | 5 8 9 |  9.0

Action                     |  1- 3 |  4- 6 |  7- 9 | 10-12 || total
---------------------------+-------+-------+-------+-------++-------
  Melee: War axe           |    26 |     2 |       |       ||    28
         Headbutt          |     2 |     3 |     7 |     6 ||    18
         Broad axe         |       |    15 |    34 |    23 ||    72
 Invoke: Ancestor Identity |       |       |     1 |       ||     1
         Ancestor Life: Ba |       |       |     1 |       ||     1
  Evoke: Wand              |       |       |     1 |       ||     1
    Use: Potion            |       |     3 |     4 |     1 ||     8
 Armour: Scale mail        |    10 |     1 |       |       ||    11
         Chain mail        |       |    11 |    14 |    21 ||    46
  Dodge: Dodged            |    13 |    20 |    19 |    20 ||    72
  Block: Buckler           |     6 |     2 |    12 |    12 ||    32

Table legend: (Time is in decaauts)
 A = Elapsed time spent in this place.
 B = Non-inter-level travel time spent in this place.
 C = Inter-level travel time spent in this place.
 D = Time resting spent in this place.
 E = Time spent auto-exploring this place.
 F = Levels seen in this place.
 G = Mean time per level.
                   A        B        C        D        E       F      G
               +--------+--------+--------+--------+--------+-----+--------+
         Total |    704 |    704 |      0 |    310 |      0 |   1 |  704.0 |
       Dungeon |    704 |    704 |      0 |    310 |      0 |   1 |  704.0 |
               +--------+--------+--------+--------+--------+-----+--------+

Top non-repeatable levels by time:
       D: 704 daAuts
